 Dungeon Crawl Stone Soup version 0.22.0-75-g3901e79 (webtiles) character file.

46 Heatsaber the Grave Robber (level 3, 0/30 HPs)
             Began as a Deep Dwarf Necromancer on Sept 13, 2018.
             Succumbed to a kobold's poison
             ... on level 2 of the Dungeon.
             The game lasted 00:06:11 (880 turns).

Heatsaber the Grave Robber (Deep Dwarf Necromancer)  Turns: 880, Time: 00:06:12

Health: 0/30       AC:  2    Str: 12    XL:     3   Next: 46%
Magic:  5/5        EV: 13    Int: 15    God:
Gold:   74         SH:  0    Dex: 13    Spells: 4/5 levels left

rFire    . . .     SeeInvis .   o - +0 spear
rCold    . . .     Gourm    .   (no shield)
rNeg     . . .     Faith    .   a - +0 robe
rPois    .         Spirit   .   (no helmet)
rElec    .         Reflect  .   (no cloak)
rCorr    .         Harm     .   (no gloves)
MR       .....                  (no boots)
Stlth    ++........             (no amulet)
HPRegen  0.00/turn              (no ring)
MPRegen  0.09/turn              (no ring)

@: lethally poisoned (0 -> -8), non-regenerating
A: damage resistance, heal wounds, sense surroundings 1, no regeneration
a: Heal Wounds


You were on level 2 of the Dungeon.
You were not hungry.

You visited 1 branch of the dungeon, and saw 2 of its levels.

You collected 74 gold pieces.

Inventory:

Hand Weapons
 b - a +0 club
 o - a +0 spear (weapon)
Armour
 a - a +0 robe (worn)
Wands
 m - a wand of iceblast (11)
Scrolls
 e - 3 scrolls of remove curse {unknown}
 f - 3 scrolls of identify {unknown}
 h - 2 scrolls of fear {unknown}
 i - a scroll of amnesia {unknown}
 k - a scroll of immolation {unknown}
 l - a scroll of teleportation {unknown}
 n - a scroll of enchant armour {unknown}
Potions
 g - a potion of might {unknown}
 j - 3 potions of haste {unknown}
Comestibles
 c - 7 rations
 d - 3 chunks of flesh


   Skills:
 + Level 0.6 Fighting
 + Level 1.1 Maces & Flails
 + Level 2.8 Dodging
 + Level 3.1 Stealth
 + Level 1.9 Spellcasting
 + Level 4.7 Necromancy


You had 4 spell levels left.
You knew the following spells:

 Your Spells              Type           Power        Failure   Level  Hunger
a - Pain                  Necr           ###.         3%          1    ##.....

Your spell library contained the following spells:

 Spells                   Type           Power        Failure   Level  Hunger
 Animate Skeleton         Necr           N/A          3%          1    ##.....
 Vampiric Draining        Necr           ###.......   10%         3    ####...
 Animate Dead             Necr           N/A          32%         4    #####..
 Regeneration             Chrm/Necr      Unusable     N/A         3    N/A

Dungeon Overview and Level Annotations

Branches:
Dungeon (2/15)

Altars:


Innate Abilities, Weirdness & Mutations

You are resistant to damage.
You can heal yourself by infusing magical energy.
You passively map a small area around you.
You do not regenerate.


Message History

You are too injured to fight recklessly!
You are too injured to fight recklessly!
You are too injured to fight recklessly!
You closely miss the kobold.
The kobold is moderately wounded.
You feel very sick. The kobold closely misses you.
You hit the kobold.
You kill the kobold!
* * * LOW HITPOINT WARNING * * *
You feel very sick.
* * * LOW HITPOINT WARNING * * *
You feel very sick.
Some of the chunks of flesh in your inventory have rotted away.
Found a stone staircase leading down.
Things that are here:
a short sword of venom; a club; a kobold corpse
* * * LOW HITPOINT WARNING * * *
You feel sick.
You die...

#............#
#.#.#.#...##.# #
* #.....##.#
#.###.##.# , #
#.....##.# ,
,#.#####(.#.#
#..[.......# *
####..†#.#.######
#...).@....... ,
#...#$#.###### ,
#...#.#.# , *,,
+.......# ,,
*#........ ,,
####..... ,,,
#.....# * ####>##
*


There were no monsters in sight!

Vanquished Creatures
  An ooze (D:1)
  A dart slug (D:1)
  A giant cockroach (D:2)
  5 hobgoblins
  9 kobolds
  A quokka (D:2)
  6 bats
  5 frilled lizards
  7 goblins (D:1)
  4 rats
40 creatures vanquished.

Notes
Turn   | Place    | Note
-------+----------+-------------------------------------------
     0 | D:1      | Heatsaber the Deep Dwarf Necromancer began the quest for
                  | the Orb.
     0 | D:1      | Reached XP level 1. HP: 15/15 MP: 3/3
   215 | D:1      | Reached XP level 2. HP: 10/22 MP: 4/4
   427 | D:1      | Reached skill level 1 in Maces & Flails
   438 | D:1      | Reached XP level 3. HP: 13/28 MP: 5/5
   880 | D:2      | Succumbed to a kobold's poison

Skill      XL: |  1  2 |
---------------+-------+-----
Stealth        | 3 |  3.1
Maces & Flails | 1 |  1.1
Fighting       | |  0.6
Dodging        | |  2.8
Spellcasting   | |  1.9
Necromancy     | |  4.7

Action                   || total
-------------------------++-------
Melee: Club              ||   169
       Unarmed           ||     1
       Spear             ||    13
 Abil: Heal Wounds       ||     3
 Stab: Sleeping          ||    10
Armor: Robe              ||    34
Dodge: Dodged            ||   187
